rokl, lawful female dwarven Barbarian |. |.. |-. |... |.... ------------------------ |..... |.[..............@o.dG.| |....... --------------------.| - |.....|.. ----------------------.| |.....|.... |...^).................|-------------..-----... ----------------------.|......................... |.....................|........ -------------------------------- rokl the Pillager Experience level: 5 Strength: 16 Dexterity: 17 Constitution: 21 Intelligence: 7 Wisdom: 8 Charisma: 4 Health: 0(57) Energy: 15(15) Def: 2 Gold: 200 Moves: 5267 Dungeon seed: dqnVz9MdkWXd8-Wz Game ID: rokl_1540507762 Your Inventory: Coins $ - 200 gold pieces Weapons a - an uncursed +0 battle-axe b - an uncursed rusty corroded +0 dwarvish short sword named Sword of Victory (weapon in hand) u - a blessed +7 orcish dagger named Dagger of Revenge T - a cursed -1 axe Armor e - an uncursed rusty +0 ring mail (being worn) n - an uncursed +0 banded mail z - an uncursed +0 orcish helm Comestibles c - an uncursed partly eaten food ration o - an uncursed partly eaten food ration p - an uncursed partly eaten food ration K - an uncursed food ration Q - an uncursed lizard corpse Scrolls f - an uncursed scroll of gold detection t - a blessed scroll of stinking cloud D - an uncursed scroll of enchant weapon E - a blessed scroll of blank paper H - a cursed scroll of confuse monster O - an uncursed scroll of create monster P - an uncursed scroll of remove curse Potions v - a cursed potion of booze B - a cursed potion of gain energy Wands i - an uncursed wand of enlightenment (0:10) S - an uncursed wand of striking (0:0) Tools m - an uncursed magic whistle x - an uncursed magic whistle F - an uncursed oil lamp (lit) (0:318) G - an uncursed magic marker (0:75) M - an uncursed skeleton key Gems q - 2 uncursed worthless pieces of black glass r - 4 uncursed worthless pieces of red glass y - 4 uncursed worthless pieces of violet glass A - 4 uncursed worthless pieces of blue glass I - 3 uncursed worthless pieces of yellow glass J - an uncursed worthless piece of orange glass L - 2 uncursed jets N - 2 uncursed worthless pieces of white glass Y - an uncursed worthless piece of yellowish brown glass Spells and supernatural/magical abilities: Name Level Category Fail Memory W - pray for help -- divine ? -- Your skills at the end: Miscellaneous Skills bare handed combat [Basic] Weapon Skills axe [Basic] short sword [Skilled] Spellcasting Skills Final Attributes: You were piously aligned. You were poison resistant. You were telepathic. You had infravision. You were lucky. You are dead. Vanquished creatures: a large dog a lizard a giant spider a dingo 2 gnome mummies a human zombie 2 bugbears an Uruk-hai a fog cloud a black naga hatchling a golden naga hatchling 2 puppies a floating eye a kobold lord 2 iguanas 14 hill orcs an orc zombie 2 coyotes a hobbit an acid blob a large kobold 2 geckos 2 hobgoblins 2 giant rats a cave spider a yellow mold a green mold a red mold 4 gnomes 3 jackals 9 newts 3 goblins 3 grid bugs 3 kobold zombies 74 creatures vanquished. Voluntary challenges: You had followed a strict vegetarian diet until turn 1868. You did not adorn yourself with jewelry or accessories. You did not cause conflict. You were not invisible. You did not have reflection. You were not displaced. You had been an atheist until turn 3817. You used a wielded weapon 118 times, starting on turn 249. You did not use containers. You did not apply a unicorn horn. You did not use plumbed fixtures. You read items or engraved 7 times, starting on turn 190. You never genocided any monsters. You never polymorphed an object. You never changed form. You used no wishes. You never split a pudding. You never wrote Elbereth's name. You never violated your personal moral code. Dungeon overview: The Dungeons of Doom: levels 1 to 2 Level 1 a fountain a long staircase Level 2 a sink stairs to The Gnomish Mines The Gnomish Mines: levels 3 to 11 Level 3 stairs to The Dungeons of Doom Level 4 Level 5 Level 6 Level 7 Level 8 Level 9 Level 10 Level 11 <- You were here History has recorded: On T:1 you entered the Dungeons of Doom to retrieve the Amulet of Yendor! On T:189 you reached level 2 of The Dungeons of Doom. On T:354 you reached level 1 of The Gnomish Mines. On T:512 you advanced to experience level 2. On T:2033 you reached level 2 of The Gnomish Mines. On T:2044 you advanced to experience level 3. On T:2245 you reached level 3 of The Gnomish Mines. On T:2261 you advanced to experience level 4. On T:2661 you advanced to experience level 5. On T:3431 you reached level 4 of The Gnomish Mines. On T:3470 you reached level 5 of The Gnomish Mines. On T:3556 you reached level 6 of The Gnomish Mines. On T:3599 you advanced to experience level 6. On T:3731 you reached level 7 of The Gnomish Mines. On T:3817 you prayed to Mitra. On T:4211 you advanced to experience level 5. On T:4255 you reached level 8 of The Gnomish Mines. On T:4710 you reached level 9 of The Gnomish Mines. On T:4710 you reached the bottom of the Mines. Score breakdown: Gold: 200 ( 20 points) Experience: 5 levels ( 400 points) Exploration: 11 levels ( 300 points) Discoveries: 27 items ( 1350 points) Variety of kills: 34 monsters ( 1700 points) Major goal: reached Mine's End ( 1000 points) Survival: died (score multiplied by 3) Total score: 14310 Latest messages: The gnome mummy scratches you! You stab the gnome mummy. The gnome mummy scratches you! You stab the gnome mummy! The gnome mummy scratches you! You destroy the gnome mummy! You see here a mummy wrapping. The newt bites! You kill the newt! You see here a newt corpse. This newt corpse tastes terrible! You finish eating the newt corpse. You feel a mild buzz. (3x) The Uruk-hai punches you! (10x) You stab the Uruk-hai! The Uruk-hai punches you! You kill the Uruk-hai! You stab the Uruk-hai! The Uruk-hai punches you! You die... Final status: Goodbye rokl the Barbarian, killed by an Uruk-hai... You died in The Gnomish Mines on dungeon level 11 with 14310 points, and 200 pieces of gold, after 5267 moves. You were level 5 with a maximum of 57 hit points when you died.